 Dungeon Crawl Stone Soup version 0.28-a0-863-g8cecda6153 (webtiles) character file.

Game seed: 1687316926919648972

52623 freelancePsychic the Warrior (level 15, -9/130 HPs)
             Began as a Formicid Hunter on Nov 18, 2021.
             Was a High Priest of Nemelex Xobeh.
             Killed from afar by a frost giant (22 damage)
             ... with a bolt of cold
             ... on level 12 of the Dungeon.
             The game lasted 00:45:00 (17579 turns).

freelancePsychic the Warrior (Formicid Hunter)     Turns: 17579, Time: 00:45:01

Health: -9/130     AC: 20    Str: 20    XL:     15   Next: 6%
Magic:  22/22      EV:  7    Int: 13    God:    Nemelex Xobeh [*****.]
Gold:   892        SH: 20    Dex: 12    Spells: 14/14 levels left

rFire   . . .      SeeInvis +   b - +0 lajatang
rCold   . . .      Faith    .   e - +2 tower shield
rNeg    . . .      Spirit   .   w - +0 plate armour
rPois   +          Reflect  .   (helmet unavailable)
rElec   .          Harm     .   i - +0 cloak
rCorr   .          Rampage  .   P - +3 pair of gauntlets of War {Slay+5}
Will    +....                   E - +0 pair of boots
Stlth   ..........              l - amulet of regeneration
HPRegen 1.31/turn               o - +4 ring of slaying
MPRegen 0.18/turn               k - ring of poison resistance

@: no status effects
A: permanent stasis, dig shafts and tunnels, antennae 3, four strong arms
a: Dig, Shaft Self, Renounce Religion, Draw Escape, Draw Destruction, Draw
Summoning, Draw Stack, Triple Draw, Deal Four, Stack Five


You were on level 12 of the Dungeon.
You worshipped Nemelex Xobeh.
Nemelex Xobeh was extremely pleased with you.
You visited 2 branches of the dungeon, and saw 18 of its levels.

You collected 1275 gold pieces.
You spent 383 gold pieces at shops.

Inventory:

Hand Weapons
 a - a +1 vorpal fustibalus
 b - a +0 lajatang (weapon)
 u - a +0 short sword
Missiles
 d - 54 sling bullets
 h - 390 stones (quivered)
 y - a throwing net
Armour
 e - a +2 tower shield (worn)
 i - a +0 cloak (worn)
 r - a +0 kite shield
 w - a +0 plate armour (worn)
 E - a +0 pair of boots (worn)
 P - the +3 pair of gauntlets of War (worn) {Slay+5}
   (You acquired it on level 6 of the Lair of Beasts)

   Slay:      It affects your accuracy & damage with ranged weapons and melee
   (+5).
Jewellery
 k - a ring of poison resistance (right hand)
 l - an amulet of regeneration (around neck)
 o - a +4 ring of slaying (left hand)
 p - a ring of willpower
 s - an amulet of reflection
 z - a +4 ring of evasion
 I - a +4 ring of protection
 K - a ring of protection from cold
 O - an amulet of guardian spirit
 R - an amulet of the acrobat
Wands
 g - a wand of iceblast (31)
 t - a wand of charming (13)
 v - a wand of polymorph (26)
 A - a wand of digging (5)
 C - a wand of flame (16)
 D - a wand of acid (11)
 M - a wand of mindburst (4)
Scrolls
 f - a scroll of fear
 q - 2 scrolls of fog
 J - a scroll of immolation
Potions
 c - 4 potions of flight
 j - 2 potions of brilliance
 m - 2 potions of degeneration {unknown}
 n - 4 potions of lignification {unknown}
 x - 2 potions of berserk rage {unknown}
 B - 5 potions of might {unknown}
 F - a potion of heal wounds {unknown}
 G - a potion of resistance {unknown}
 H - 2 potions of curing {@q1}
 N - 3 potions of attraction
 Q - a potion of ambrosia
 S - 2 potions of invisibility {unknown}


   Skills:
 + Level 15.9 Fighting
 + Level 11.5 Staves
 - Level 7.1 Slings
 - Level 8.2 Armour
 - Level 1.8 Dodging
 - Level 2.9 Stealth
 + Level 14.8 Shields
 - Level 9.4 Invocations


You had 14 spell levels left.
You didn't know any spells.
Your spell library contained the following spells:

 Spells                   Type           Power      Damage    Failure   Level
 Apportation              Tloc           0%         N/A       99%         1
 Magic Dart               Conj           0%         1d3       99%         1
 Slow                     Hex            0%         N/A       99%         1
 Summon Small Mammal      Summ           0%         N/A       99%         1
 Call Imp                 Summ           0%         N/A       100%        2
 Corpse Rot               Necr/Air       0%         N/A       100%        2
 Ensorcelled Hibernation  Hex/Ice        0%         N/A       100%        2
 Call Canine Familiar     Summ           0%         N/A       100%        3
 Confusing Touch          Hex            0%         N/A       100%        3
 Mephitic Cloud           Conj/Pois/Air  0%         N/A       100%        3
 Spider Form              Tmut/Pois      0%         N/A       100%        3
 Summon Guardian Golem    Hex/Summ       0%         N/A       100%        3
 Vampiric Draining        Necr           0%         2d6       100%        3
 Cause Fear               Hex            0%         N/A       100%        4
 Dispel Undead            Necr           0%         3d6       100%        4
 Fulminant Prism          Conj/Hex       0%         3d6       100%        4
 Iskenderun's Mystic Bla  Conj/Tloc      0%         2d3       100%        4
 Passage of Golubria      Tloc           0%         N/A       100%        4
 Alistair's Intoxication  Tmut/Pois      0%         N/A       100%        5
 Freezing Cloud           Conj/Ice/Air   0%         6-21      100%        5
 Lee's Rapid Deconstruct  Erth           0%         3d5*      100%        5
 Manifold Assault         Tloc           0%         N/A       100%        5
 Silence                  Hex/Air        0%         N/A       100%        5
 Death Channel            Necr           0%         N/A       100%        6
 Simulacrum               Ice/Necr       0%         N/A       100%        6
 Dragon Form              Tmut           0%         N/A       100%        7
 Storm Form               Tmut/Air       0%         N/A       100%        7
 Lehudib's Crystal Spear  Conj/Erth      0%         10d2      100%        8
 Dragon's Call            Summ           0%         N/A       100%        9
 Polar Vortex             Ice            0%         N/A       100%        9
 Blink                    Tloc           Unusable   N/A       N/A         2

Dungeon Overview and Level Annotations

Branches:
Dungeon (12/15)            Temple (0/1) D:5            Lair (6/6) D:9
  Swamp (0/4) Lair:4       Spider (0/4) Lair:2        Slime (0/5) Lair:5
    Orc: D:9-12

Altars:
Ashenzari
Cheibriados
Elyvilon
Hepliaklqana
Kikubaaqudgha
Makhleb
Nemelex Xobeh
Okawaru
Qazlal
Ru
Sif Muna
Trog
Wu Jian

Shops:
D:4 (*(

Portals:
Trove: D:11 (give +3 ice dragon scales)

Annotations:
D:10 2 transporters, RepHenryClay's ghost, journeyman SpAr


Innate Abilities, Weirdness & Mutations

You cannot be hasted, slowed, berserked, paralysed or teleported.
You can dig through walls and to a lower floor.
You have a pair of large antennae on your head. (SInv)
Your four strong arms can wield two-handed weapons with a shield.


Message History

You are too injured to fight recklessly!
You are too injured to fight recklessly!
You are too injured to fight recklessly!
You are too injured to fight recklessly!
You are too injured to fight recklessly!
You are too injured to fight recklessly!
You are too injured to fight recklessly!
You are too injured to fight recklessly!
You are too injured to fight recklessly!
You draw a card...
You have drawn Velocity.
The cyclops seems to slow down.
You block the frost giant's attack.
A yaktaur captain comes into view.
The cyclops hits you!!
You draw a card...
You have drawn the Illusion.
Suddenly you stand beside yourself.
The frost giant gestures at you while chanting.
The bolt of cold hits you!!
The bolt of cold misses freelancePsychic's illusion.
You swap places.
The frost giant hits freelancePsychic's illusion with a +2 battleaxe of freezing!!
The frost giant freezes freelancePsychic's illusion!
FreelancePsychic's illusion hits the frost giant!
Something hits freelancePsychic's illusion!
You see here an ugly thing corpse.
The frost giant points at you and mumbles some strange words.
The bolt of cold hits freelancePsychic's illusion!!
The bolt of cold hits you!!!
* * * LOW HITPOINT WARNING * * *
FreelancePsychic's illusion hits the frost giant!!
The frost giant hits freelancePsychic's illusion with a +2 battleaxe of freezing!!
The frost giant freezes freelancePsychic's illusion.
FreelancePsychic's illusion hits the frost giant!
Something closely misses freelancePsychic's illusion.
The frost giant gestures at you while chanting.
The bolt of cold hits freelancePsychic's illusion!!!
FreelancePsychic's illusion dies!
FreelancePsychic's illusion shimmers and vanishes!
The bolt of cold hits you!!
You die...
Your body glows slightly and disappears.

###.. #.# #8.. ...
##... #.## #...C#Cc.#
#...#)# #.#†#.#
......##.#)..##.#.#
.....#.##.#.###...
#...##.#.@##(....# #..#
#...#.#.#.#..## #.#
#..# #...#..#...##. #
#.# #..#
#.......#.###..## #}
#..# #}..8........⌠...
#..# #.......#.###..##
#..# #.))#..#...# #
#..#####...#.#.#.#..#
#.....†[(..##.#..##....


You could see a frost giant.

Vanquished Creatures
  4 hydras
  A vault guard (D:11)
  2 centaur warriors (D:12)
  A catoblepas (Lair:4)
  2 ugly things
  4 cyclopes
  A manticore (Lair:6)
  A guardian serpent (D:11)
  8 elephants
  Joseph (D:8)
  8 black mambas
  A gargoyle (D:8)
  4 torpor snails
  An unseen horror (Lair:1)
  24 cane toads
  2 rime drakes
  A kobold demonologist (D:12)
  6 komodo dragons
  2 polar bears
  A hornet (D:11)
  A troll (D:9)
  10 blink frogs
  3 tyrant leeches (Lair:6)
  4 slime creatures
  4 dream sheep (Lair:4)
  Sigmund (D:6)
  3 redbacks (Lair:2)
  A wraith (D:9)
  2 shadows
  A wyvern (Lair:1)
  A vampire (D:12)
  Grum (D:11)
  54 yaks
  2 basilisks
  A vampire mosquito (Lair:6)
  11 water moccasins
  A black bear (D:3)
  2 orc warriors
  2 ice beasts (D:6)
  11 wolves
  2 necrophages
  4 ogres
  5 centaurs
  2 phantoms
  2 kobold brigands
  A gnoll sergeant (D:7)
  9 bullfrogs
  A scorpion (D:6)
  5 killer bees (D:9)
  4 electric eels
  3 centaur zombies
  2 bullfrog zombies
  8 jellies
  A bullfrog skeleton (D:5)
  4 orc priests (D:10)
  5 hounds
  Jessica (D:3)
  4 iguanas
  3 orc wizards
  4 hell rats (Lair:4)
  A howler monkey zombie (D:7)
  4 gnolls (D:7)
  6 adders
  2 white imps (D:6)
  5 worms
  A dart slug (D:1)
  30 orcs
  11 ball pythons
  8 bats
  13 endoplasms
  2 giant cockroaches
  3 goblins
  7 hobgoblins
  5 jackals (D:5)
  4 quokkas
  3 frilled lizards
  22 kobolds
  6 rats
  A spectral kobold (D:6)
395 creatures vanquished.

Vanquished Creatures (collateral kills)
  A great orb of eyes (Lair:6)
  2 boulder beetles
  A death knight (D:12)
  A skeletal warrior (D:12)
  A harpy (Lair:6)
  A mana viper (Lair:6)
  An elephant (Lair:6)
  A cane toad (Lair:6)
  An unseen horror (D:12)
  An efreet (D:12)
  5 blink frogs (Lair:6)
  A slime creature (D:11)
  A tyrant leech (Lair:6)
  A wraith (D:12)
  A human (Lair:6)
  A yak (Lair:6)
  4 vampire mosquitoes (Lair:6)
  2 acid dragons
  A naga (Lair:6)
  A water moccasin (Lair:6)
  A wolf (Lair:6)
  A kobold brigand (D:9)
  3 bullfrogs (Lair:6)
  5 killer bees (D:9)
  2 hounds (D:9)
  3 kobolds (D:9)
44 creatures vanquished.

Vanquished Creatures (others)
  A bush (Lair:4)
  35 fungi
  142 plants
178 creatures vanquished.

Grand Total: 617 creatures vanquished

Notes
Turn   | Place    | Note
-------+----------+-------------------------------------------
     0 | D:1      | freelancePsychic the Formicid Hunter began the quest for
                  | the Orb.
     0 | D:1      | Reached XP level 1. HP: 16/16 MP: 1/1
    76 | D:1      | Reached XP level 2. HP: 23/23 MP: 2/2
   297 | D:1      | Reached XP level 3. HP: 25/28 MP: 3/3
   426 | D:1      | Reached skill level 1 in Armour
  1041 | D:2      | Found a faded altar of an unknown god.
  1057 | D:2      | Reached skill level 5 in Slings
  1057 | D:2      | Reached XP level 4. HP: 34/34 MP: 4/4
  1609 | D:2      | Found an ornate altar of the Wu Jian Council.
  1987 | D:3      | Reached skill level 3 in Fighting
  2005 | D:3      | Found a white marble altar of Elyvilon.
  2190 | D:3      | Found a sparkling altar of Nemelex Xobeh.
  2197 | D:3      | Reached XP level 5. HP: 41/41 MP: 5/5
  2230 | D:3      | Became a worshipper of Nemelex Xobeh the Trickster
  2978 | D:3      | Found an iron altar of Okawaru.
  3183 | D:3      | Noticed Jessica
  3188 | D:3      | Killed Jessica
  3189 | D:3      | Reached skill level 1 in Invocations
  3227 | D:3      | Reached * piety under Nemelex Xobeh
  3251 | D:4      | Found Pynwom's Fire Supplies.
  3368 | D:4      | Noticed a black bear
  3375 | D:4      | Found Vifaeg's Weapon Shoppe.
  3458 | D:3      | Killed a black bear
  3459 | D:3      | Reached XP level 6. HP: 45/48 MP: 5/7
  3507 | D:4      | Found Royry's Firing Range.
  3708 | D:4      | Reached skill level 4 in Fighting
  4060 | D:4      | Received a gift from Nemelex Xobeh
  4195 | D:4      | Noticed an orc warrior
  4232 | D:5      | Entered Level 5 of the Dungeon
  4273 | D:5      | Reached XP level 7. HP: 39/54 MP: 9/9
  4365 | D:5      | Found a broken altar of Ashenzari.
  4613 | D:5      | Reached skill level 5 in Fighting
  4672 | D:5      | Reached ** piety under Nemelex Xobeh
  4794 | D:5      | Reached XP level 8. HP: 63/63 MP: 11/11
  4830 | D:5      | Received a gift from Nemelex Xobeh
  4845 | D:5      | Reached skill level 5 in Armour
  5188 | D:5      | Found a staircase to the Ecumenical Temple.
  5195 | D:5      | Reached skill level 5 in Invocations
  5385 | D:6      | Reached skill level 6 in Fighting
  5523 | D:6      | Reached XP level 9. HP: 54/71 MP: 13/13
  5528 | D:6      | Noticed Sigmund
  5742 | D:6      | Killed Sigmund
  5743 | D:6      | Reached skill level 7 in Fighting
  5940 | D:6      | Found a shimmering blue altar of Sif Muna.
  5992 | D:6      | Found a hazy altar of Hepliaklqana.
  6077 | D:6      | You fall into a shaft and drop 3 floors!
  6083 | D:9      | Noticed a troll
  6321 | D:9      | Found a staircase to the Lair.
  6417 | D:9      | Killed a troll
  6418 | D:9      | Reached skill level 8 in Fighting
  6979 | D:8      | Reached XP level 10. HP: 68/82 MP: 16/16
  7077 | D:8      | Found a shimmering blue altar of Sif Muna.
  7101 | D:8      | Found an ancient bone altar of Kikubaaqudgha.
  7108 | D:8      | Found a bloodstained altar of Trog.
  7227 | D:8      | Found an ornate altar of the Wu Jian Council.
  7228 | D:8      | Noticed Joseph
  7250 | D:8      | Killed Joseph
  7251 | D:8      | Reached skill level 9 in Fighting
  7425 | D:8      | Received a gift from Nemelex Xobeh
  7485 | D:8      | Found an ornate altar of the Wu Jian Council.
  7549 | D:8      | Reached *** piety under Nemelex Xobeh
  7553 | D:8      | Noticed a gargoyle
  7565 | D:8      | Killed a gargoyle
  7891 | D:7      | Found a burning altar of Makhleb.
  8142 | D:7      | Reached skill level 1 in Staves
  8439 | D:7      | Found a stormy altar of Qazlal.
  8863 | D:6      | Identified the +5 mace "Qameimol" {vorpal, Int+3}
  8871 | D:6      | Found a snail-covered altar of Cheibriados.
  8871 | D:6      | Found a sacrificial altar of Ru.
  8894 | D:6      | Received a gift from Nemelex Xobeh
  9312 | D:9      | Reached skill level 5 in Shields
  9322 | D:9      | Reached skill level 10 in Fighting
  9322 | D:9      | Reached XP level 11. HP: 63/90 MP: 18/18
  9376 | D:9      | Received a gift from Nemelex Xobeh
  9390 | D:9      | Reached **** piety under Nemelex Xobeh
  9605 | D:10     | Entered Level 10 of the Dungeon
  9667 | D:10     | Found a transporter.
  9672 | D:10     | Found a transporter.
  9672 | D:10     | Noticed RepHenryClay's ghost (journeyman SpAr)
  9723 | D:10     | Received a gift from Nemelex Xobeh
  9954 | D:10     | Noticed a two-headed ogre
 10109 | D:10     | Noticed a two-headed ogre
 10276 | D:10     | Received a gift from Nemelex Xobeh
 10743 | D:4      | Bought a +1 vorpal fustibalus for 383 gold pieces
 10925 | Lair:1   | Entered Level 1 of the Lair of Beasts
 11058 | Lair:1   | Reached skill level 11 in Fighting
 11118 | Lair:1   | Noticed Fannar
 11128 | Lair:1   | Noticed Fannar
 11128 | Lair:1   | Fannar changed into Fannar the two-headed ogre
 11129 | Lair:1   | Noticed Fannar
 11129 | Lair:1   | Fannar the two-headed ogre changed into Fannar the unseen
                  | horror
 11131 | Lair:1   | Killed Fannar the unseen horror
 11186 | Lair:1   | Received a gift from Nemelex Xobeh
 11584 | Lair:1   | Reached ***** piety under Nemelex Xobeh
 11899 | Lair:2   | Found a hole to the Spider Nest.
 12194 | Lair:2   | Reached skill level 5 in Staves
 12194 | Lair:2   | Reached XP level 12. HP: 102/102 MP: 19/19
 12292 | Lair:2   | Reached skill level 12 in Fighting
 12309 | Lair:2   | Received a gift from Nemelex Xobeh
 12960 | Lair:3   | Identified the +8 trident "Newt's Funeral" {freeze, rF+
                  | rC+}
 13154 | Lair:3   | Noticed a five-headed hydra
 13160 | Lair:3   | Killed a five-headed hydra
 13161 | Lair:3   | Reached skill level 10 in Shields
 13319 | Lair:3   | Received a gift from Nemelex Xobeh
 13798 | Lair:4   | Found a staircase to the Swamp.
 13896 | Lair:4   | Reached skill level 13 in Fighting
 13899 | Lair:4   | Reached XP level 13. HP: 111/111 MP: 20/20
 13929 | Lair:4   | Noticed a boulder beetle
 13937 | Lair:4   | Killed a boulder beetle
 14225 | Lair:4   | Received a gift from Nemelex Xobeh
 14707 | Lair:4   | Noticed a catoblepas
 14712 | Lair:4   | Killed a catoblepas
 14810 | Lair:5   | Reached skill level 14 in Fighting
 14912 | Lair:5   | Received a gift from Nemelex Xobeh
 15070 | Lair:5   | Found a staircase to the Slime Pits.
 15131 | Lair:5   | Noticed a four-headed hydra
 15136 | Lair:5   | Killed a four-headed hydra
 15517 | Lair:6   | Entered Level 6 of the Lair of Beasts
 15650 | Lair:6   | Reached XP level 14. HP: 115/121 MP: 21/21
 15734 | Lair:6   | Reached skill level 10 in Staves
 15766 | Lair:6   | Found a broken altar of Ashenzari.
 15770 | Lair:6   | Reached skill level 15 in Fighting
 15832 | Lair:6   | Identified a scroll of acquirement
 15832 | Lair:6   | Acquired the +3 pair of gauntlets of War {Slay+5}
 15832 | Lair:6   | Found the +3 pair of gauntlets of War {Slay+5}
 16281 | Lair:6   | Received a gift from Nemelex Xobeh
 16982 | D:11     | Noticed Grum
 16986 | D:11     | Killed Grum
 16987 | D:11     | Received a gift from Nemelex Xobeh
 16995 | D:11     | Noticed Urug
 16996 | D:11     | Noticed Urug
 16996 | D:11     | Urug changed into Urug the guardian serpent
 17000 | D:11     | Killed Urug the guardian serpent
 17179 | D:11     | Found a portal to a secret trove of treasure.
 17503 | D:12     | Reached XP level 15. HP: 90/130 MP: 22/22
 17571 | D:12     | Noticed a frost giant
 17579 | D:12     | Killed from afar by a frost giant

Illustrated notes

Levels and vault maps discovered:
D:1:      denvon_arrival_waterhouse, layout_loops_ring
D:2:      layout_basic, basic_altar, nicolae_ecumenical_oubliette
D:3:      layout_basic, mainiacjoe_overflow_six_doors_small, marbit_many_paths,
          lemuel_doored_altar, uniq_jessica
D:4:      minmay_clustersquares, layout_basic, serial_shops, shop,
          hangedman_decor_points, nicolae_shop_fire_sale
          [nicolae_sub_dead_trees], nicolae_shop_firing_range
D:5:      layout_loops_ring, mainiacjoe_overflow_alcove_2, temple_hall
D:6:      layout_rooms, led_sif_pool, gammafunk_temple_overflow_statue,
          nicolae_hepliaklqana_monster_ancestors, uniq_sigmund
D:7:      layout_loops_ring, lemuel_tele_altar, mainiacjoe_overflow_tiny_flanked
D:8:      layout_basic, nicolae_wu_jian_wuxing_cycle,
          grunt_temple_overflow_open, minmay_misc_feat_cross,
          hangedman_decor_lopped, hangedman_feature_mirror, uniq_joseph
D:9:      layout_irregular_city, erik_lair_island
D:10:     layout_irregular_city, gammafunk_ghost_hive
D:11:     layout_cave_pools, enter_trove_5, uniq_grum, uniq_urug
D:12:     minmay_complete_graph, layout_irregular_city
Lair:1:   layout_gridlike, serial_bayou_pond_a, serial_bayou_lagoon_b,
          uniq_fannar
Lair:2:   layout_misc_corridors, spider_nest_entry_webs, grunt_megastairs_5,
          infiniplex_staircase_pool_2, serial_bayou_shore_a, lemuel_fruit_tree
Lair:3:   layout_small_grid, serial_bayou_crossing
Lair:4:   layout_loops_ring, swamp_mist, wad_woods_road_01,
          chequers_serial_rivers_marsh, kennysheep_catoblepas_arena
Lair:5:   layout_regular_city, nicolae_slime_entry_slimehenge,
          infiniplex_staircase_pool
Lair:6:   minmay_lair_end_frog_pond, layout_misc_corridors, basic_altar,
          nzn_sisyphean_effort

Skill      XL: |  1  2  3  4  5  6  7  8  9 10 11 12 13 14 |
---------------+-------------------------------------------+-----
Stealth        | 2 |  2.9
Armour         | 1 3 4 6 7 8 |  8.2
Slings         | 5 7 |  7.1
Fighting       | 3 4 5 6 8 10 11 13 14 15 | 15.9
Invocations    | 2 4 6 8 9 |  9.4
Shields        | 5 8 10 12 14 | 14.8
Staves         | 2 5 7 9 11 | 11.5
Dodging        | |  1.8

Action                   |  1- 3 |  4- 6 |  7- 9 | 10-12 | 13-15 || total
-------------------------+-------+-------+-------+-------+-------++-------
Melee: Lajatang          |       |       |       |    37 |   297 ||   334
 Fire: Hunting sling     |    70 |   215 |   197 |   372 |       ||   854
       Fustibalus        |       |       |       |   284 |   250 ||   534
Throw: Stone             |       |       |       |       |     1 ||     1
Invok: Draw Destruction  |       |       |     5 |    19 |    16 ||    40
       Draw Escape       |       |       |     5 |       |     3 ||     8
       Draw Summoning    |       |       |     2 |     2 |    10 ||    14
       Stack Five        |       |       |       |     1 |       ||     1
 Abil: Dig               |       |       |       |     3 |     1 ||     4
Evoke: Wand              |       |       |       |     2 |       ||     2
  Use: Scroll            |     1 |     4 |     3 |     5 |     5 ||    18
       Potion            |       |       |     4 |     4 |       ||     8
Armor: Chain mail        |    10 |    49 |    50 |   126 |       ||   235
       Plate armour      |       |       |       |    68 |   165 ||   233
Dodge: Dodged            |     9 |    37 |    32 |   133 |    61 ||   272
Block: Other             |       |       |     3 |       |       ||     3
       Kite shield       |       |       |       |   101 |    34 ||   135
       Tower shield      |       |       |       |       |   331 ||   331

Table legend: (Time is in decaauts)
 A = Elapsed time spent in this place.
 B = Non-inter-level travel time spent in this place.
 C = Inter-level travel time spent in this place.
 D = Time resting spent in this place.
 E = Time spent auto-exploring this place.
 F = Levels seen in this place.
 G = Mean time per level.
                   A        B        C        D        E       F      G
               +--------+--------+--------+--------+--------+-----+--------+
         Total |  17629 |  16503 |   1126 |    602 |  12398 |  18 |  979.4 |
       Dungeon |  11758 |  10952 |    806 |    555 |   8203 |  12 |  979.8 |
          Lair |   5870 |   5550 |    320 |     47 |   4195 |   6 |  978.3 |
               +--------+--------+--------+--------+--------+-----+--------+

Top non-repeatable levels by time:
     D:9: 1582 daAuts
     D:3: 1307 daAuts
     D:5: 1229 daAuts
     D:4: 1144 daAuts
  Lair:4: 1109 daAuts
  Lair:6: 1106 daAuts
     D:2: 1062 daAuts
  Lair:1: 1036 daAuts
  Lair:2: 1007 daAuts
     D:7: 990 daAuts
     D:8: 981 daAuts
     D:1: 896 daAuts
  Lair:3: 890 daAuts
    D:10: 881 daAuts
     D:6: 863 daAuts
